Map: Cactus Valley LE (Void)

Players

AgCl

  • Race: Protoss Protoss

MrTrenbolon - Winner!

  • Race: Zerg Zerg

VOD

Have the link to the VOD?

Description

Time

  • Played on: May 1, 2015, 8:48 a.m.
  • Length: 7:46
Show
View Real Time Build Order
Export as new Build Order

AgCl Protoss 

Build Orders: Nexus First 

Get SALT Encoding   

  12  0:02  Probe  
  13  0:14  Probe  
  14  0:40  Pylon  
  14  0:51  Nexus  
  14  0:58  Probe  
  15  1:07  Assimilator  
  15  1:10  Probe  
  16  1:23  Probe (Chrono Boost)  
  17  1:26  Gateway  
  17  1:36  Probe (Chrono Boost)  
  18  1:44  Probe (Chrono Boost), Assimilator  
  19  1:53  Probe (Chrono Boost)  
  20  1:55  Pylon  
  20  2:04  Probe (Chrono Boost)  
  22  2:09  Probe (Chrono Boost)  
  24  2:15  Probe (Chrono Boost)  
  24  2:17  Probe (Chrono Boost)  
  26  2:25  Probe (Chrono Boost)  
  26  2:29  Probe  
  28  2:35  Zealot  
  28  2:39  Pylon  
  25  3:00  Cybernetics Core  
  25  3:01  Probe (Chrono Boost)  
  25  3:02  Probe (Chrono Boost)  
  27  3:11  Probe (Chrono Boost)  
  27  3:12  Probe (Chrono Boost)  
  29  3:20  Probe (Chrono Boost)  
  29  3:21  Assimilator  
  31  3:28  Probe (Chrono Boost)  
  31  3:31  Probe (Chrono Boost)  
  32  3:36  Probe (Chrono Boost)  
  32  3:37  Probe (Chrono Boost)  
  34  3:46  Probe  
  35  3:49  Probe  
  35  3:59  Probe  
  36  4:10  Stargate  
  36  4:19  Stalker (Chrono Boost)  
  36  4:24  Pylon  
  36  4:31  Probe  
  36  4:32  Probe  
  36  4:36  Nexus  
  34  4:44  Probe (Chrono Boost)  
  35  4:48  Probe (Chrono Boost)  
  32  4:54  Void Ray (Chrono Boost)  
  32  4:55  Mothership Core (Chrono Boost)  
  32  4:58  Probe (Chrono Boost)  
  27  5:42  Oracle (Chrono Boost)  
  30  5:52  Probe  
  18  6:45  Void Ray (Chrono Boost)  
  22  6:50  Probe (Chrono Boost)  
  25  6:55  Probe x2 (Chrono Boost)  
Show
View Real Time Build Order
Export as new Build Order

MrTrenbolon Zerg - Winner!

Build Orders: Pool First 

Get SALT Encoding   

  12  0:01  Drone  
  13  0:19  Drone  
  14  0:23  Extractor  
  13  0:31  Spawning Pool  
  13  0:33  Drone  
  13  0:48  Overlord  
  13  1:08  Drone  
  14  1:17  Queen  
  16  1:19  Zergling x6  
  19  1:30  Drone  
  20  1:51  Roach Warren  
  20  1:53  Drone x2  
  21  1:59  Burrow  
  21  2:07  Overlord  
  21  2:21  Drone  
  20  2:56  Roach x3  
  20  2:57  Roach x2  
  29  3:04  Extractor  
  29  3:05  Roach  
  31  3:17  Hatchery  
  31  3:19  Overlord  
  30  3:37  Queen  
  30  3:39  Drone x2  
  30  3:41  Drone  
  35  3:53  Overlord  
  35  3:59  Drone  
  35  4:00  Overlord  
  36  4:07  Roach x2  
  36  4:08  Roach x3  
  36  4:18  Roach x3  
  36  4:24  Roach x3  
  36  4:35  Drone  
  37  4:46  Drone x10  
  37  4:49  Queen  
  37  4:52  Overlord, Roach  
  49  5:14  Roach x3  
  49  5:17  Drone x6  
  55  5:29  Lair  
  55  5:30  Drone x7  
  55  5:31  Roach  
  55  5:33  Roach  
  58  6:00  Zergling x14  
  65  6:12  Drone  
  65  6:13  Drone x2  
  65  6:15  Extractor x2  
  66  6:25  Zergling x10  
  67  6:26  Metabolic Boost  
  67  6:30  Hatchery  
  67  6:31  Roach  
  66  6:40  Overlord x2  
  64  6:59  Overlord x3  
  62  7:03  Drone x2, Hydralisk Den  
  62  7:04  Drone, Extractor  
  63  7:10  Overseer  
  63  7:11  Nydus Network  
  62  7:16  Spore Crawler x2, Drone  
  62  7:17  Drone x3  
Tags
 
Add a new tag
Caveats
  • Supply blocks, unpowered buildings, or Contaminate may cause inaccurate times.
  • Supply counts are checked every 10 seconds.